 Dungeon Crawl Stone Soup version 0.23.2-1-ga50397a (webtiles) character file.

Game seed: 10422598203145547062

304 schauveau the Chopper (level 6, -1/55 HPs)
             Began as a Minotaur Fighter on May 12, 2019.
             Slain by an ice beast (13 damage)
             ... on level 4 of the Dungeon.
             The game lasted 00:01:17 (456 turns).

schauveau the Chopper (Minotaur Fighter)             Turns: 456, Time: 00:01:18

Health: -1/55      AC:  7    Str: 22    XL:     6   Next: 15%
Magic:  5/5        EV:  7    Int:  5    God:
Gold:   96         SH: 10    Dex: 10    Spells: 5/5 levels left

rFire    . . .     SeeInvis .   a - +0 war axe
rCold    . . .     Gourm    .   c - +0 shield
rNeg     . . .     Faith    .   b - +0 scale mail
rPois    .         Spirit   .   (helmet restricted)
rElec    .         Reflect  .   (no cloak)
rCorr    .         Harm     .   (no gloves)
MR       .....                  (no boots)
Stlth    ..........             (no amulet)
HPRegen  0.18/turn              (no ring)
MPRegen  0.09/turn              (no ring)

@: no status effects
A: retaliatory headbutt, horns 2
a: no special abilities


You were on level 4 of the Dungeon.
You were not hungry.

You visited 1 branch of the dungeon, and saw 5 of its levels.

You collected 96 gold pieces.

Inventory:

Hand Weapons
 a - a +0 war axe (weapon)
Missiles
 g - 22 bolts
 h - 13 arrows
Armour
 b - a +0 scale mail (worn)
 c - a +0 shield (worn)
 o - the cursed +0 ring mail "Ryilex Zoegh" {+Fly rElec rF+ Stlth-, unknown}
   (You found it on level 4 of the Dungeon)

   It protects you from fire.
   It insulates you from electricity.
   It lets you fly.
   It makes you less stealthy.
   It has a curse placed upon it.
Jewellery
 j - an uncursed ring of stealth {unknown}
 n - an uncursed ring of flight {unknown}
Scrolls
 k - a scroll of remove curse {unknown}
Potions
 e - a potion of haste {unknown}
 i - a potion of agility {unknown}
 l - a potion of curing {unknown}
 m - 2 potions of brilliance {unknown}
Comestibles
 d - 3 chunks of flesh
 f - 4 rations


   Skills:
 + Level 4.9 Fighting
 * Level 5.3 Axes
 + Level 4.9 Armour
 + Level 4.9 Shields


You had 5 spell levels left.
You didn't know any spells.
Your spell library was empty.

Dungeon Overview and Level Annotations

Branches:
Dungeon (5/15)
 Temple: D:4-7

Altars:
Qazlal


Innate Abilities, Weirdness & Mutations

You reflexively headbutt those who attack you in melee.
You have a pair of horns on your head.


Message History

You barely miss the ice beast.
The ice beast is moderately wounded.
The ice beast closely misses you.
You slash the ice beast! Your headbutt misses the ice beast.
The ice beast is heavily wounded.
The ice beast hits you. The ice beast freezes you!
You hit the ice beast but do no damage. Your headbutt misses the ice beast.
The ice beast is heavily wounded.
The ice beast hits you. The ice beast freezes you!
* * * LOW HITPOINT WARNING * * *
You hit the ice beast but do no damage. Your headbutt misses the ice beast.
The ice beast is heavily wounded.
You block the ice beast's attack.
The ice beast hits you but does no damage.
You closely miss the ice beast.
The ice beast is heavily wounded.
The ice beast hits you.
* * * LOW HITPOINT WARNING * * *
The ice beast freezes you!
You die...

.## ## ..# #..#
.####...# ###
..##....###.#####
........#...#...#
................#
...............##
................###
......(.......>.@.##
#.............).Y..#
#.................##
........####......#
....#....####...###
..####....# ##.##
..####....# ###
...##.....#
..###...###


You could see an ice beast.

Vanquished Creatures
  Menkaure (D:4)
  An ogre (D:4)
  2 howler monkeys (D:4)
  2 gnolls (D:3)
  A dart slug (D:2)
  A bat (D:1)
  A giant cockroach (D:1)
  2 goblins (D:1)
  A quokka (D:3)
  2 frilled lizards
  A kobold (D:1)
  2 rats (D:1)
17 creatures vanquished.

Notes
Turn   | Place    | Note
-------+----------+-------------------------------------------
     0 | D:1      | schauveau the Minotaur Fighter began the quest for the Orb.
     0 | D:1      | Reached XP level 1. HP: 19/19 MP: 0/0
   146 | D:2      | Reached XP level 2. HP: 27/27 MP: 1/1
   177 | D:3      | Reached skill level 3 in Axes
   179 | D:3      | Reached XP level 3. HP: 29/33 MP: 2/2
   234 | D:3      | Found a stormy altar of Qazlal.
   281 | D:4      | Reached XP level 4. HP: 39/40 MP: 3/3
   301 | D:4      | Got a faintly glowing ring mail
   315 | D:4      | Noticed Menkaure
   316 | D:4      | Reached skill level 4 in Axes
   321 | D:4      | Killed Menkaure
   321 | D:4      | Reached XP level 5. HP: 26/47 MP: 4/4
   429 | D:5      | Entered Level 5 of the Dungeon
   429 | D:5      | Noticed an ogre
   438 | D:4      | Killed an ogre
   438 | D:4      | Reached skill level 5 in Axes
   438 | D:4      | Reached XP level 6. HP: 50/55 MP: 5/5
   443 | D:5      | Noticed an ice beast
   443 | D:5      | Noticed an ice beast
   456 | D:4      | Slain by an ice beast

Skill      XL: |  1  2  3  4  5 |
---------------+----------------+-----
Axes           | 3 4 5 |  5.3
Armour         | 4 |  4.9
Shields        | 4 |  4.9
Fighting       | 4 |  4.9

Action                   |  1- 3 |  4- 6 || total
-------------------------+-------+-------++-------
Melee: War axe           |    35 |    22 ||    57
       Headbutt          |     3 |     5 ||     8
  Use: Potion            |       |     1 ||     1
Armor: Scale mail        |    19 |     5 ||    24
Dodge: Dodged            |    11 |     4 ||    15
Block: Shield            |    10 |    10 ||    20
